cohdb
Replays
Latest Replays
All Replays
Popular Replays
Top Player Replays
Match Explorer
How It Works
Community
CoH3 Stats
Reddit
Sign in to upload your games and track your stats! →
Sign in with Steam
Match 45801059
Unlisted
Match 45801059
Overview
Messages
Build Orders
End
Kettenkrad Recon Vehicle
Construct Infanterie Kompanie
Selects Terror Battlegroup
Selects Machine Gun Camouflage
MG 42 Machine Gun Team
Grenadier Squad
Grenadier Squad
Construct Luftwaffe Kompanie
Jäger Squad
221 Scout Car
Jäger Squad
Medical Station
Support Elements
Wirbelwind Flakpanzer
Construct Panzer Kompanie
Selects Contempt for the Weak
Selects Propaganda Leaflet Drop
Stoßtruppen Squad
Selects V1 Rocket Strike
Panzer IV Medium Tank
Stoßtruppen Squad
Pioneer Squad
turtlein
Gremlin
bartis
Don Pitudo
Ambro
Garlic
0
0
Comments
sign in to comment!
No comments posted yet!